 Dungeon Crawl Stone Soup version 0.24.0-123-gd5b16e6ec5 (webtiles) character file.

Game seed: 10948862567249495989, levelgen mode: deterministic

183747 maff75 the Peltast (level 17, -6/166 HPs)
             Began as a Deep Dwarf Fighter on Jan 9, 2020.
             Was the Champion of Makhleb.
             Killed from afar by Bai Suzhen (23 damage)
             ... with a torrent of water
             ... on level 3 of the Spider Nest on Jan 10, 2020.
             The game lasted 01:45:13 (26030 turns).

maff75 the Peltast (Deep Dwarf Fighter)            Turns: 26030, Time: 01:45:14

Health: -6/166     AC: 22    Str: 29 (32) XL:     17   Next: 38%
Magic:  8/8        EV: 14    Int: 12 (13) God:    Makhleb [******]
Gold:   2033       SH: 15    Dex: 14 (15) Spells: 18/18 levels left

rFire    . . .     SeeInvis .   j - +4 war axe (elec)
rCold    . . .     Gourm    .   c - +0 shield
rNeg     + + .     Faith    .   G - +1 chain mail {rPois}
rPois    +         Spirit   .   (helmet restricted)
rElec    .         Reflect  .   F - +2 cloak {+Inv}
rCorr    .         Harm     .   t - +0 pair of gloves
MR       ++...                  o - +1 pair of boots
Stlth    ..........             (no amulet)
HPRegen  0.00/turn              O - ring "Selituoll" {rN+ Int+4 Dex+3}
MPRegen  0.11/turn              D - +5 ring of strength

@: non-regenerating, studying Necromancy
A: damage resistance, heal wounds, horns 1, dopey 1, negative energy resistance
1, sense surroundings 2, strong 1, no regeneration
}: 1/15 runes: gossamer
a: Heal Wounds, Minor Destruction, Lesser Servant of Makhleb, Major Destruction,
Greater Servant of Makhleb, Renounce Religion, Evoke Invisibility


You were on level 3 of the Spider Nest.
You worshipped Makhleb.
Makhleb was exalted by your worship.
You were hungry.

You visited 5 branches of the dungeon, and saw 28 of its levels.

You collected 2587 gold pieces.
You spent 554 gold pieces at shops.

Inventory:

Hand Weapons
 j - a +4 war axe of electrocution (weapon)
 m - a +0 hand axe of flaming
 y - a +2 war axe of freezing
 I - a +1 broad axe
Armour
 c - a +0 shield (worn)
 o - a +1 pair of boots (worn)
 r - a +2 plate armour of fire resistance
 t - a +0 pair of gloves (worn)
 w - a +0 helmet
 F - a +2 cloak of invisibility (worn)
 G - a +1 chain mail of poison resistance (worn)
Jewellery
 C - an uncursed ring of protection from cold
 D - a +5 ring of strength (right hand)
 O - the ring "Selituoll" (left hand) {rN+ Int+4 Dex+3}
   (You found it on level 5 of the Lair of Beasts)

   [ring of dexterity]

   It affects your intelligence (+4).
   It affects your dexterity (+3).
   It protects you from negative energy.
Wands
 a - a wand of acid (7)
 b - a wand of disintegration (36)
 q - a wand of flame (61)
 z - a wand of digging (12)
 A - a wand of random effects (69)
 J - a wand of iceblast (7)
 L - a wand of paralysis (10)
 N - a wand of enslavement (6)
Scrolls
 h - 2 scrolls of teleportation
 i - 11 scrolls of remove curse
 l - 3 scrolls of noise
 n - 3 scrolls of enchant weapon
 v - 4 scrolls of identify
 x - 2 scrolls of enchant armour
 B - a scroll of fear
 E - a scroll of magic mapping
 K - 2 scrolls of fog
Potions
 d - 4 potions of ambrosia
 e - a potion of curing
 k - a potion of berserk rage
 p - a potion of invisibility
 s - 4 potions of degeneration
 u - a potion of brilliance
 H - 3 potions of resistance
 R - 2 potions of flight
 T - 2 potions of cancellation
Books
 g - a manual of Necromancy
Miscellaneous
 P - a lamp of fire
 Q - a lightning rod (4/4)
Comestibles
 f - 48 rations


   Skills:
 + Level 14.2 Fighting
 - Level 12.5 Axes
 - Level 15.2 Armour
 + Level 8.6 Dodging
 - Level 3.2 Stealth
 - Level 16.7 Shields
 + Level 1.1 Spellcasting
 + Level 13.8 Invocations
 + Level 8.8 Evocations


You had 18 spell levels left.
You didn't know any spells.
Your spell library contained the following spells:

 Spells                   Type           Power        Failure   Level  Hunger
 Animate Skeleton         Necr           N/A          69%         1    ##.....
 Confusing Touch          Hex            #.....       69%         1    ##.....
 Freeze                   Ice            #...         69%         1    ##.....
 Pain                     Necr           #...         69%         1    ##.....
 Sting                    Conj/Pois      #...         69%         1    ##.....
 Poisonous Vapours        Pois/Air       #.....       83%         2    ###....
 Throw Frost              Conj/Ice       #.....       83%         2    ###....
 Confuse                  Hex            #.......     96%         3    ####...
 Gell's Gravitas          Tloc           #.........   96%         3    ####...
 Mephitic Cloud           Conj/Pois/Air  #.......     96%         3    ####...
 Ozocubu's Armour         Chrm/Ice       #.......     96%         3    ####...
 Vampiric Draining        Necr           #.........   96%         3    ####...
 Animate Dead             Necr           N/A          100%        4    #####..
 Leda's Liquefaction      Hex/Erth       #.........   100%        4    #####..
 Olgreb's Toxic Radiance  Pois           #.......     100%        4    #####..
 Petrify                  Tmut/Erth      #.......     100%        4    #####..
 Summon Ice Beast         Ice/Summ       #.......     100%        4    #####..
 Throw Icicle             Conj/Ice       #.......     100%        4    #####..
 Bolt of Magma            Conj/Fire/Erth #.........   100%        5    ######.
 Metabolic Englaciation   Hex/Ice        #.........   100%        5    ######.
 Venom Bolt               Conj/Pois      #.........   100%        5    ######.
 Yara's Violent Unravell  Hex/Tmut       #.........   100%        5    ######.
 Iron Shot                Conj/Erth      #.........   100%        6    #######
 Statue Form              Tmut/Erth      #........    100%        6    #######
 Shatter                  Erth           #.........   100%        9    #######
 Regeneration             Chrm/Necr      Unusable     N/A         3    N/A

Dungeon Overview and Level Annotations

Branches:
Dungeon (15/15)            Temple (1/1) D:7            Lair (6/6) D:11
 Shoals (0/4) Lair:3       Spider (4/4) Lair:4        Slime (0/5) Lair:5
    Orc (2/2) D:10            Elf (0/3) Orc:2        Vaults (0/5) D:13
 Depths (0/5) D:15

Altars:
Cheibriados
Gozag
Hepliaklqana
Kikubaaqudgha
Makhleb
Okawaru
Ru
Sif Muna
Uskayaw
Wu Jian
Yredelemnul
Zin
The Shining One
Beogh

Shops:
D:4 %   D:5 %   D:6 [   D:10 %%   Orc:2 [%([

Annotations:
D:4 1 runed translucent door, astraldaughter's ghost, novice FoCK
D:6 3 runed translucent doors, Curus's ghost, novice MiFi
D:9 1 exclusion
D:10 exclusion: ice statue
D:11 3 runed translucent doors, Xerdoz's ghost, journeyman BaFE
Lair:4 1 runed translucent door
Spider:3 Bai Suzhen


Innate Abilities, Weirdness & Mutations

You are resistant to damage.
You can heal yourself by infusing magical energy.
You resist negative energy. (rN+)
You passively map the area around you.
You do not regenerate.
You have a pair of small horns on your head.
You are dopey. (Int -2)
Your muscles are strong. (Str +2)


Message History

You are standing in a thunderstorm.
Bai Suzhen misses you. You block Bai Suzhen's attack. x2
Bai Suzhen pines for her lost husband.
A demon appears!
You are standing in a thunderstorm.
You block Bai Suzhen's attack. Bai Suzhen claws you!
* * * LOW HITPOINT WARNING * * *
You block Bai Suzhen's attack.
Your green death gestures at Bai Suzhen.
The blast of poison engulfs Bai Suzhen.
Lightning arcs down from a storm cloud!
That item cannot be evoked!
Evoke which item? (* to show all) (? for menu, Esc to quit)
Aiming: Corrosive Bolt
Press: ? - help, Shift-Dir - straight line, f - Bai Suzhen
Aim: Bai Suzhen (poison gas, almost dead)
The bolt of acid hits Bai Suzhen!
Bai Suzhen is splashed with acid.
Bai Suzhen is almost dead.
You are standing in a thunderstorm.
Bai Suzhen breathes water at you. The torrent of water hits you!!
You die...

............^..#............(..#
......................#........#
..........^.....[.....(.....^###
...............................#
..^............................##
...........≈..2..................
......^......≈§≈.................
.........>|.≈≈§§§^(..............
............≈§§D@................
.^..........§.§§§...............#
...............................^.
................................#
.^#..................|........###
.................^........^.s.#
...^#................^......ss##
......^.............>.........^#
..............#...^...^......###


You could see Bai Suzhen and a friendly green death.

Vanquished Creatures
  Saint Roka (Orc:2)
  Asterion (Spider:2)
  Donald (Spider:3)
  5 ghost moths
  Aizul (Spider:1)
  2 orc warlords (Orc:2)
  2 emperor scorpions
  3 entropy weavers
  2 spark wasps (Spider:4)
  A fire dragon (D:15)
  4 ogre magi
  A yaktaur captain (D:15)
  An ice dragon (D:14)
  6 hydras
  2 catoblepae
  12 two-headed ogres
  Erica (D:9)
  7 centaur warriors
  2 death knights
  4 death yaks
  A queen ant (Spider:4)
  3 tengu warriors
  3 orc high priests (Orc:2)
  Nergalle (Lair:4)
  A skeletal warrior (D:15)
  4 unseen horrors
  A phantasmal warrior (D:15)
  A wizard (D:14)
  4 deep elf magi (D:15)
  41 wolf spiders
  2 orc knights
  14 orb spiders
  8 ugly things
  6 cyclopes
  3 orc sorcerers
  4 manticores
  9 elephants (Lair:6)
  A guardian serpent (D:12)
  A black mamba (shapeshifter) (D:14)
  3 black mambas
  3 naga magi (D:15)
  6 spiny frogs
  An eye of devastation (Lair:5)
  A torpor snail (Spider:4)
  3 gargoyles
  5 yaktaurs (D:15)
  An efreet (D:15)
  4 komodo dragons
  2 kobold demonologists (D:15)
  2 rime drakes (Lair:1)
  13 demonic crawlers
  A tengu conjurer (D:15)
  11 trolls
  32 jumping spiders
  14 hornets
  Prince Ribbit (D:8)
  A queen bee (Lair:2)
  8 hippogriffs
  7 dream sheep (Lair:6)
  5 slime creatures (D:15)
  4 polar bears
  21 blink frogs
  A meliai zombie (D:14)
  Sigmund (D:6)
  47 redbacks
  13 spriggans (Lair:6)
  3 wraiths (D:15)
  2 shadows (D:14)
  A vampire (D:10)
  20 tarantellas
  2 basilisks
  31 yaks
  2 wyverns
  A hungry ghost (D:11)
  2 vampire mosquitoes (D:12)
  A warg (shapeshifter) (D:15)
  2 wargs
  15 soldier ants
  2 acid dragons
  9 water moccasins
  11 porcupines
  Duvessa (D:6)
  36 orc warriors
  A black bear (shapeshifter) (D:15)
  A hornet zombie (D:13)
  3 sky beasts
  4 black bears
  7 ice beasts
  2 eyes of draining
  A phantom (D:10)
  39 wolves
  11 centaurs
  8 boggarts
  2 necrophages
  11 ogres
  15 crocodiles
  Blork the orc (D:6)
  Dowan (D:6)
  13 bullfrogs
  8 scorpions
  A howler monkey (D:7)
  29 killer bees
  8 wights
  An electric eel (Lair:1)
  2 bullfrog zombies (D:11)
  A lava snake (D:11)
  7 crimson imps
  5 hounds
  2 quasits
  A centaur zombie (D:8)
  5 centaur skeletons
  Crazy Yiuf (D:6)
  16 orc priests
  2 jellies
  29 orc wizards
  8 iguanas
  Natasha (D:2)
  2 bullfrog skeletons
  12 worker ants
  3 hound zombies
  A howler monkey zombie (D:8)
  5 adders
  6 gnolls
  4 shadow imps
  An adder skeleton (D:4)
  2 adder zombies
  6 worms
  2 dart slugs
  2 leopard geckos
  100 orcs
  A ball python (D:3)
  7 giant cockroaches
  5 hobgoblins
  7 jackals (D:8)
  10 kobolds
  3 quokkas
  8 bats
  A giant cockroach zombie (D:5)
  A leopard gecko skeleton (D:4)
  A leopard gecko zombie (D:5)
  6 rats
  8 fungi
  A plant (Lair:6)
971 creatures vanquished.

Vanquished Creatures (collateral kills)
  Arachne (Spider:3)
1 creature vanquished.

Vanquished Creatures (others)
  An unseen horror (D:13)
  A jumping spider (Spider:1)
  A redback (Spider:1)
  An orc warrior (Orc:2)
  A wolf (Lair:6)
  An orc (Orc:2)
  6 fungi
12 creatures vanquished.

Grand Total: 984 creatures vanquished

Notes
Turn   | Place    | Note
-------+----------+-------------------------------------------
     0 | D:1      | maff75 the Deep Dwarf Fighter began the quest for the Orb.
     0 | D:1      | Reached XP level 1. HP: 20/20 MP: 1/1
   175 | D:1      | Reached XP level 2. HP: 27/27 MP: 2/2
  1201 | D:2      | Noticed Natasha
  1206 | D:2      | Killed Natasha
  1206 | D:2      | Reached skill level 1 in Dodging
  1206 | D:2      | Reached XP level 3. HP: 33/33 MP: 3/3
  1759 | D:3      | Reached XP level 4. HP: 30/40 MP: 4/4
  1863 | D:3      | Reached skill level 5 in Axes
  2336 | D:4      | Found a runed translucent door.
  2336 | D:4      | Noticed astraldaughter's ghost (novice FoCK)
  2431 | D:4      | Found Jiggoup's Food Shop.
  2468 | D:4      | Reached XP level 5. HP: 29/46 MP: 5/5
  2643 | D:4      | Found an ornate altar of the Wu Jian Council.
  2723 | D:4      | Reached XP level 6. HP: 50/55 MP: 5/5
  2948 | D:4      | Reached skill level 1 in Stealth
  3125 | D:5      | Entered Level 5 of the Dungeon
  3211 | D:5      | Found a glowing drain.
  3285 | D:5      | Reached XP level 7. HP: 40/61 MP: 6/6
  3432 | D:5      | Found Efuowil's Food Boutique.
  3561 | D:5      | Found a shimmering blue altar of Sif Muna.
  3561 | D:5      | Found an ancient bone altar of Kikubaaqudgha.
  3605 | D:6      | Found Qonoyn's Antique Armour Shoppe.
  3607 | D:6      | Noticed Sigmund
  3657 | D:6      | Killed Sigmund
  3735 | D:6      | Found a runed translucent gate.
  3735 | D:6      | Found a runed translucent gate.
  3735 | D:6      | Found a runed translucent gate.
  3736 | D:6      | Noticed Curus's ghost (novice MiFi)
  3736 | D:6      | Identified the +1 whip of Capital Punishment {drain, MR+
                  | Dex+2 Stlth+}
  3767 | D:6      | Noticed a kobold demonologist
  3788 | D:6      | Reached XP level 8. HP: 46/68 MP: 6/6
  3822 | D:6      | Noticed Duvessa
  3822 | D:6      | Noticed Dowan
  3831 | D:6      | Killed Duvessa
  3831 | D:6      | Reached skill level 10 in Axes
  3851 | D:6      | Killed Dowan
  3962 | D:6      | Noticed Blork the orc
  3967 | D:6      | Killed Blork the orc
  4255 | D:6      | Found a runed translucent door.
  4256 | D:6      | Noticed Crazy Yiuf
  4265 | D:6      | Killed Crazy Yiuf
  4678 | D:7      | Reached skill level 4 in Shields
  4690 | D:7      | Found a staircase to the Ecumenical Temple.
  4739 | Temple   | Entered the Ecumenical Temple
  4745 | Temple   | Became a worshipper of Makhleb the Destroyer
  4883 | D:7      | Reached skill level 5 in Armour
  5244 | D:7      | Gained mutation: You passively map the area around you.
                  | [Deep Dwarf growth]
  5244 | D:7      | Reached XP level 9. HP: 43/78 MP: 7/7
  5497 | D:8      | Gained mutation: You have a pair of small horns on your
                  | head. [potion of mutation]
  5497 | D:8      | Gained mutation: You are dopey. (Int -2) [potion of
                  | mutation]
  5497 | D:8      | Gained mutation: Your muscles are strong. (Str +2) [potion
                  | of mutation]
  5543 | D:8      | Reached * piety under Makhleb
  5632 | D:8      | Reached skill level 5 in Shields
  5650 | D:8      | Noticed Prince Ribbit
  5666 | D:8      | Killed Prince Ribbit
  5719 | D:8      | Paralysed by a hornet for 2 turns
  5744 | D:8      | Paralysed by a hornet for 1 turns
  5750 | D:8      | Reached skill level 5 in Fighting
  5750 | D:8      | Reached skill level 6 in Shields
  5807 | D:8      | Found a snail-covered altar of Cheibriados.
  6464 | D:9      | Found an ornate altar of the Wu Jian Council.
  6751 | D:10     | Entered Level 10 of the Dungeon
  6751 | D:10     | Found a staircase to the Orcish Mines.
  6751 | D:10     | Noticed Erica
  6757 | D:9      | Killed Erica
  6757 | D:9      | Reached skill level 1 in Invocations
  6757 | D:9      | Reached XP level 10. HP: 77/90 MP: 6/8
  6760 | D:9      | Reached skill level 7 in Shields
  6952 | D:10     | Reached skill level 8 in Shields
  6991 | D:10     | Reached ** piety under Makhleb
  7104 | D:10     | You fall into a shaft and drop 2 floors!
  7189 | D:11     | Paralysed by a hornet for 3 turns
  7206 | D:11     | Noticed a cyan ugly thing
  7218 | D:11     | Killed a cyan ugly thing
  7335 | D:11     | Found a runed translucent gate.
  7335 | D:11     | Found a runed translucent gate.
  7335 | D:11     | Found a runed translucent gate.
  7348 | D:11     | Identified the +12 short sword "Boam" {venom, rF- Dex+4
                  | Stlth+}
  7349 | D:11     | Noticed Xerdoz's ghost (journeyman BaFE)
  7410 | D:10     | Noticed an ice statue
  7439 | D:10     | Reached skill level 5 in Invocations
  7477 | D:10     | Found Ataoggev's Food Emporium.
  7482 | D:10     | Found Eczaa's Food Shoppe.
  7531 | D:11     | Reached XP level 11. HP: 43/99 MP: 9/9
  7568 | D:10     | Reached skill level 9 in Shields
  7677 | D:11     | Noticed a two-headed ogre
  7690 | D:11     | Killed a two-headed ogre
  7776 | D:11     | Found a staircase to the Lair.
  7885 | D:11     | Noticed a death knight
  7896 | D:11     | Killed a death knight
  7984 | Lair:1   | Entered Level 1 of the Lair of Beasts
  8024 | Lair:1   | Reached skill level 1 in Evocations
  8035 | Lair:1   | Reached skill level 10 in Armour
  8041 | Lair:1   | Reached *** piety under Makhleb
  8117 | Lair:1   | Reached skill level 10 in Shields
  8202 | Lair:1   | Got a warped leather armour
  8203 | Lair:1   | Identified the +3 leather armour of the Catfish {+Inv Int+2
                  | Stlth+} (You found it on level 1 of the Lair of Beasts)
  9006 | Lair:1   | Identified a scroll of acquirement
  9113 | Lair:1   | Reached XP level 12. HP: 58/112 MP: 11/11
  9311 | Lair:2   | Reached **** piety under Makhleb
  9437 | Lair:2   | Reached skill level 11 in Shields
 10292 | Lair:3   | Noticed a six-headed hydra
 10312 | Lair:3   | Killed a 12-headed hydra
 10415 | Lair:3   | Found a staircase to the Shoals.
 10513 | Lair:3   | Reached skill level 12 in Shields
 11033 | Lair:4   | Noticed Nergalle
 11033 | Lair:4   | Noticed a six-headed hydra
 11051 | Lair:4   | Killed Nergalle
 11071 | Lair:4   | Killed a 15-headed hydra
 11129 | Lair:4   | Found a hole to the Spider Nest.
 11205 | Lair:4   | Reached ***** piety under Makhleb
 11673 | Lair:4   | Found a runed translucent door.
 11675 | Lair:4   | Noticed an eight-headed hydra
 11868 | Lair:5   | Reached XP level 13. HP: 90/123 MP: 10/10
 12192 | Lair:5   | Reached skill level 10 in Fighting
 12240 | Lair:5   | Got a brightly glowing amber ring
 12365 | Lair:5   | Found a staircase to the Slime Pits.
 12373 | Lair:5   | Reached skill level 13 in Shields
 12715 | Lair:5   | Identified the ring "Selituoll" {rN+ Int+4 Dex+3} (You
                  | found it on level 5 of the Lair of Beasts)
 12721 | Lair:6   | Entered Level 6 of the Lair of Beasts
 13115 | Lair:6   | Reached skill level 14 in Shields
 13601 | Lair:6   | Gained mutation: You resist negative energy. (rN+) [Deep
                  | Dwarf growth]
 13601 | Lair:6   | Reached XP level 14. HP: 121/135 MP: 11/11
 13674 | Lair:6   | Reached ****** piety under Makhleb
 14306 | Orc:1    | Entered Level 1 of the Orcish Mines
 14420 | Orc:1    | Found a roughly hewn altar of Beogh.
 14828 | Orc:2    | Entered Level 2 of the Orcish Mines
 14828 | Orc:2    | Found a roughly hewn altar of Beogh.
 14886 | Orc:2    | Noticed an orc warlord
 15037 | Orc:2    | Paralysed by an orc sorcerer for 5 turns
 15048 | Orc:2    | Found a roughly hewn altar of Beogh.
 15048 | Orc:2    | Found Sosiroco's Antique Weapon Shop.
 15048 | Orc:2    | Found Novudiacwa's Antique Armour Boutique.
 15053 | Orc:2    | Reached skill level 15 in Shields
 15080 | Orc:2    | Bought an embroidered cloak for 277 gold pieces
 15115 | Orc:2    | Noticed Saint Roka
 15389 | Orc:2    | Noticed an orc warlord
 15411 | Orc:2    | Killed an orc warlord
 15529 | Orc:2    | Found a roughly hewn altar of Beogh.
 15542 | Orc:2    | Found Awess's Antique Armour Emporium.
 15634 | Orc:2    | Killed Saint Roka
 15842 | Orc:2    | Found a roughly hewn altar of Beogh.
 15968 | Orc:2    | Killed an orc warlord
 16197 | Orc:2    | Found a staircase to the Elven Halls.
 16228 | Orc:2    | Found Ceruphih's Food Shoppe.
 16391 | Orc:2    | Bought a shiny chain mail for 277 gold pieces
 17454 | D:13     | Found a sacrificial altar of Ru.
 17511 | D:13     | Found a gate to the Vaults.
 17989 | D:14     | Reached XP level 15. HP: 145/145 MP: 11/11
 18101 | D:14     | Reached skill level 16 in Shields
 18880 | D:15     | Entered Level 15 of the Dungeon
 19176 | D:15     | Reached skill level 10 in Invocations
 19490 | D:15     | Reached skill level 15 in Armour
 19829 | D:15     | Found a staircase to the Depths.
 19952 | D:15     | Found the +12 glaive of Prune {chop}
 20272 | Spider:1 | Entered Level 1 of the Spider Nest
 20305 | Spider:1 | Reached XP level 16. HP: 153/156 MP: 14/14
 21540 | Spider:1 | Reached skill level 5 in Dodging
 22064 | Spider:2 | Noticed Asterion
 22090 | Spider:2 | Killed Asterion
 22276 | Spider:2 | Noticed Aizul
 22354 | Spider:1 | Killed Aizul
 22354 | Spider:1 | Reached skill level 5 in Evocations
 23177 | Spider:4 | Entered Level 4 of the Spider Nest
 23177 | Spider:4 | Noticed Arachne
 23222 | Spider:3 | Killed Arachne
 23232 | Spider:4 | Noticed Bai Suzhen
 24058 | Spider:4 | Noticed Donald
 24089 | Spider:3 | Killed Donald
 24170 | Spider:4 | Reached XP level 17. HP: 99/165 MP: 12/12
 25711 | Spider:3 | Reached skill level 1 in Spellcasting
 25835 | Spider:4 | Got a gossamer rune of Zot
 26030 | Spider:3 | Killed from afar by Bai Suzhen

Levels and vault maps discovered:
D:1:      dpeg_arrival_round_c, layout_basic
D:2:      layout_basic, uniq_natasha
D:3:      layout_loops_ring, first_ration, kennysheep_generic_room_3
D:4:      layout_loops_corners, nicolae_overflow_hidden_temple, serial_shops,
          kennysheep_mini_moat, hellmonk_ghost_happy_afterlife
D:5:      layout_cave_pools, gammafunk_temple_overflow_elements,
          cheibrodos_sewer_entry_drain, serial_shops, kennysheep_little_box
D:6:      layout_loops_ring, gammafunk_ghost_nasty_kobolds, serial_shops,
          nicolae_shop_statue_plus, uniq_crazy_yiuf_cottage, uniq_sigmund,
          uniq_blork_the_orc, uniq_duvessa
D:7:      layout_cave_pods, minmay_temple_entry_antechambers
D:8:      layout_cave_pools, kennysheep_mini, hangedman_pestilent_swarm,
          minmay_manual_monstrance, uniq_prince_ribbit1
D:9:      layout_cave_pods, serial_glass, glass_columns_b, glass_columns_c,
          basic_altar
D:10:     lemuel_ice_statue, layout_rooms, orc_0_dummy, serial_shops, shop,
          nicolae_shop_crystal, uniq_erica
D:11:     layout_big_octagon, lair_entry_dummy, gammafunk_ghost_nasty_kobolds,
          minmay_evil_grid
D:12:     layout_stronghold, nrook_guardian_serpent_ordinary
D:13:     minmay_evil_eye, layout_gridville, david_vaults_2, basic_altar
D:14:     minmay_blocking_statues, layout_long_grid, minmay_strange_pillars,
          nicolae_two_hexagons
D:15:     grunt_enter_depths_snipers, layout_loops_ring,
          minmay_guarded_unrand_prune
Temple:   eino_narrow_crystal_temple
Lair:1:   layout_cave_pods, serial_bayou_shore_a
Lair:2:   layout_cave_pods, special_room [special_room_bee],
          infiniplex_staircase_pool_2
Lair:3:   layout_roguey, minmay_shoals_entry_beasts
Lair:4:   layout_loops_ring, spider_nest_entry_web_field, pf_torpor_hydra,
          uniq_nergalle
Lair:5:   layout_regular_city, minmay_slime_entry_eyes, kilobyte_rumbling_trees
Lair:6:   minmay_lair_end_enchanted_forest, layout_long_grid
Spider:1: layout_chambers
Spider:2: layout_spider_delve, guppyfry_spider_mini_2, uniq_asterion, uniq_aizul
Spider:3: layout_spider_delve
Spider:4: grunt_spider_rune_island, zaba_antful_of_joy, uniq_bai_suzhen,
          uniq_arachne, uniq_donald
Orc:1:    layout_diamond_mine, basic_altar, guppyfry_library_mini
Orc:2:    grunt_orc_community_town_hall, layout_diamond_mine,
          grunt_orc_community_big_house_1, grunt_orc_community_big_house_2,
          grunt_orc_community_house_3, grunt_orc_community_house_1,
          grunt_orc_community_house_1, grunt_orc_community_house_2,
          grunt_orc_community_house_1, basic_altar

Skill      XL: |  1  2  3  4  5  6  7  8  9 10 11 12 13 14 15 16 17 |
---------------+----------------------------------------------------+-----
Axes           | 3 4 5 6 7 9 10 11 12 | 12.5
Dodging        | 1 2 3 7 8 |  8.6
Stealth        | 1 2 3 |  3.2
Fighting       | 3 5 6 8 9 11 12 13 14 | 14.2
Armour         | 5 8 9 10 12 13 14 15 | 15.2
Shields        | 4 6 8 10 12 14 15 16 | 16.7
Invocations    | 1 5 7 8 10 13 | 13.8
Evocations     | 1 7 8 |  8.8
Spellcasting   | 1 |  1.1

Action                   |  1- 3 |  4- 6 |  7- 9 | 10-12 | 13-15 | 16-18 || total
-------------------------+-------+-------+-------+-------+-------+-------++-------
Melee: War axe           |    95 |   182 |   203 |   346 |  1480 |   865 ||  3171
       Broad axe         |       |       |   124 |   371 |       |       ||   495
       Headbutt          |       |       |    20 |   171 |   469 |   285 ||   945
       Hand axe          |       |       |       |       |    18 |       ||    18
Invok: Lesser Servant of |       |       |       |       |       |     1 ||     1
       Greater Servant o |       |       |       |       |       |     4 ||     4
 Abil: Heal Wounds       |     1 |     2 |    13 |    18 |     7 |    54 ||    95
       Evoke Invisibilit |       |       |       |       |     1 |       ||     1
Evoke: Wand              |       |       |       |    11 |    10 |     2 ||    23
       Lightning rod     |       |       |       |       |       |     2 ||     2
       Lamp of fire      |       |       |       |       |       |     1 ||     1
  Use: Scroll            |       |       |     8 |    10 |    11 |    17 ||    46
       Potion            |       |       |     8 |     8 |     5 |    11 ||    32
 Stab: Invisible         |       |       |       |     3 |    11 |       ||    14
       Paralysed         |       |       |       |     2 |       |       ||     2
       Petrifying        |       |       |       |       |     1 |       ||     1
       Distracted        |       |       |       |       |     1 |       ||     1
       Held in net/web   |       |       |       |       |       |     2 ||     2
  Eat: Chunk             |     3 |     5 |    11 |     9 |    15 |     4 ||    47
       Ration            |       |       |     1 |     2 |     5 |     4 ||    12
Armor: Scale mail        |    35 |    61 |   119 |   190 |       |       ||   405
       Plate armour      |       |       |       |   190 |   679 |       ||   869
       Skin              |       |       |       |    21 |     9 |       ||    30
       Chain mail        |       |       |       |       |    16 |   873 ||   889
Dodge: Dodged            |    31 |    44 |   106 |   332 |   390 |   720 ||  1623
Block: Shield            |    54 |    63 |   159 |   604 |  1039 |  1196 ||  3115
